 Dungeon Crawl Stone Soup version 0.29.1-2-gbd0b4ee654 (webtiles) character file.

Game seed: 10799840809337078435

515 Ivernyr the Magician (level 7, -8/46 HPs)
             Began as an Octopode Transmuter on Oct 29, 2022.
             Was an Initiate of Cheibriados.
             Mangled by an orc warrior
             ... wielding a +0 halberd
              (10 damage)
             ... on level 4 of the Dungeon.
             The game lasted 00:10:17 (4343 turns).

Ivernyr the Magician (Octopode Transmuter)          Turns: 4343, Time: 00:10:17

Health: -8/46      AC:  8    Str: 10    XL:     7   Next: 20%
Magic:  12/14      EV: 14    Int: 18    God:    Cheibriados [......]
Gold:   275        SH:  0    Dex: 14    Spells: 9/15 levels left

rFire   . . .      SeeInvis .   p - +1 flail (protect)
rCold   . . .      Faith    .   (no shield)
rNeg    . . .      Spirit   .   (helmet restricted)
rPois   .          Reflect  .   n - amulet of the acrobat
rElec   .          Harm     .   g - ring of wizardry
rCorr   .          Rampage  .   (no ring)
Will    .....                   (no ring)
Stlth   ++........              (no ring)
HPRegen 0.15/turn               (no ring)
MPRegen 0.14/turn               (no ring)
                                (no ring)
                                (no ring)

@: wereblooded, under a protective aura, very slow
A: almost no armour, amphibious, 8 rings, camouflage 1, gelatinous body 1,
(nimble swimmer 1), tentacles
a: Renounce Religion


You were on level 4 of the Dungeon.
You worshipped Cheibriados.
Cheibriados was noncommittal.
You visited 2 branches of the dungeon, and saw 5 of its levels.

You collected 275 gold pieces.

Inventory:

Hand Weapons
 p - a +1 flail of protection (weapon)
Jewellery
 g - a ring of wizardry (left tentacle)
 n - an amulet of the acrobat (around mantle)
Scrolls
 b - a scroll of silence {unknown}
 d - a scroll of immolation {unknown}
 e - 6 scrolls of identify {unknown}
 f - a scroll of noise {unknown}
 k - a scroll of amnesia {unknown}
 l - a scroll of fear {unknown}
 m - a scroll of poison {unknown}
 o - a scroll of fog {unknown}
 r - a scroll of enchant armour {unknown}
 t - a scroll of summoning {unknown}
Potions
 a - a potion of lignification
 c - 3 potions of degeneration {unknown}
 h - 2 potions of ambrosia {unknown}
 i - 2 potions of flight {unknown}
 j - 6 potions of haste {unknown}
 q - a potion of heal wounds {unknown}
 s - a potion of invisibility {unknown}


   Skills:
 + Level 3.2 Fighting
 + Level 3.7 Dodging
 - Level 3.0 Unarmed Combat
 * Level 4.7 Spellcasting
 + Level 3.7 Transmutations


You had 9 spell levels left.
You knew the following spells:

 Your Spells              Type           Power      Damage    Failure   Level
a - Beastly Appendage     Tmut           34%        N/A       1%          1
b - Wereblood             Tmut           17%        N/A       1%          2
c - Spider Form           Tmut/Pois      10%        N/A       8%          3

Your spell library contained the following spells:

 Spells                   Type           Power      Damage    Failure   Level
 Ice Form                 Ice/Tmut       10%        N/A       26%         4


Dungeon Overview and Level Annotations

Branches:
Dungeon (4/15)             Temple (1/1) D:4

Altars:
Cheibriados
Elyvilon
Hepliaklqana
Vehumet
Wu Jian
Xom
Zin
The Shining One

Annotations:
D:3 1 runed translucent door, scameronde's ghost, amateur HuBe


Innate Abilities, Weirdness & Mutations

You cannot wear most types of armour.
You are amphibious.
You can wear up to eight rings at the same time.
Your skin changes colour to match your surroundings (Stealth+).
Your rubbery body absorbs attacks. (AC +1, EV +1)
((You are camouflaged when in or above water. (Stealth+)))
You have tentacles for arms and can constrict up to eight enemies at once.


Message History

You hit the orc warrior but do no damage.
Your weapon exudes an aura of protection.
You grab the orc warrior.
You constrict the orc warrior, but do no damage.
The orc warrior hits you with a +0 halberd.
The orc warrior hits you but does no damage.
You hit the orc warrior. You squeeze the orc warrior.
The orc warrior is moderately wounded.
You constrict the orc warrior. The orc closely misses you.
The orc warrior hits you with a +0 halberd!
Casting: Beastly Appendage (safe; 1% risk of failure)
Confirm with . or Enter, or press ? or * to list all spells.
Your blood is infused with primal strength.
You constrict the orc warrior, but do no damage.
The orc closely misses you. The orc warrior closely misses you.
The orc priest looks encouraged for a moment.
You hit the orc warrior.
The orc warrior is moderately wounded.
You constrict the orc warrior, but do no damage.
The orc misses you.
The orc warrior hits you with a +0 halberd!
The orc priest calls upon Beogh to heal the orc warrior.
The orc warrior is healed somewhat.
The orc closely misses you.
The orc warrior hits you with a +0 halberd!
* * * LOW HITPOINT WARNING * * *
You hit the orc warrior.
The orc warrior is moderately wounded.
You constrict the orc warrior.
The orc wizard mumbles some strange words.
The orc wizard flickers and vanishes!
Deactivating autopickup; reactivate with Ctrl-A.
The orc misses you.
The orc warrior hits you with a +0 halberd!
* * * LOW HITPOINT WARNING * * *
You hit the orc warrior.
The orc warrior is heavily wounded.
You constrict the orc warrior, but do no damage.
The orc hits you but does no damage.
The orc warrior hits you with a +0 halberd!
You die...

#...### ...# #......
8..# #...... (...(
#...... #.8.# #......
#o... #...#.. # ##o.o
#.#.... #. #oo#
#.#.#..
#..#@##########.#.#..
#.................#..
#......†..(......##..
###################..
#.. #.. ###


You could see an orc warrior, an orc priest and 3 orcs.

Vanquished Creatures
  An ice beast (D:3)
  A phantom (D:4)
  A vampire bat (D:3)
  A hound (D:4)
  3 gnolls (D:4)
  5 adders
  An ufetubus (D:4)
  5 worms
  5 dart slugs
  3 fire bats (D:3)
  9 orcs
  2 spectral bats (D:3)
  4 ball pythons
  11 bats
  3 bat skeletons (D:3)
  A bat zombie (D:3)
  7 endoplasms
  2 giant cockroaches
  11 goblins
  6 hobgoblins
  3 jackals (D:3)
  2 kobolds
  A quokka (D:4)
  A bat simulacrum (D:3)
  8 frilled lizards
  6 rats
103 creatures vanquished.

Vanquished Creatures (others)
  A jackal zombie (D:3)
  A plant (D:2)
2 creatures vanquished.

Grand Total: 105 creatures vanquished

Notes
Turn   | Place    | Note
-------+----------+-------------------------------------------
     0 | D:1      | Ivernyr the Octopode Transmuter began the quest for the
                  | Orb.
     0 | D:1      | Reached XP level 1. HP: 13/13 MP: 3/3
   202 | D:1      | Reached XP level 2. HP: 12/18 MP: 3/5
   381 | D:1      | Learned a level 2 spell: Wereblood
   986 | D:2      | Reached XP level 3. HP: 1/23 MP: 6/6
  1613 | D:2      | Identified the +7 quarterstaff of the Weak God {chaos, rC++
                  | Int+2}
  1893 | D:3      | Reached XP level 4. HP: 29/29 MP: 8/8
  2052 | D:3      | Reached skill level 3 in Spellcasting
  2180 | D:3      | Learned a level 3 spell: Spider Form
  2201 | D:3      | Found a faded altar of an unknown god.
  2253 | D:3      | Found a runed translucent door.
  2380 | D:3      | Noticed scameronde's ghost (amateur HuBe)
  2417 | D:3      | Reached XP level 5. HP: 32/34 MP: 6/10
  2625 | D:3      | Noticed an ice beast
  2633 | D:3      | Killed an ice beast
  2634 | D:3      | Reached skill level 4 in Spellcasting
  2634 | D:3      | Reached XP level 6. HP: 24/41 MP: 10/12
  3305 | D:4      | Found a faded altar of an unknown god.
  3385 | D:4      | Reached XP level 7. HP: 20/46 MP: 13/13
  3559 | D:4      | Found a staircase to the Ecumenical Temple.
  3571 | Temple   | Entered the Ecumenical Temple
  3599 | Temple   | Became a worshipper of Cheibriados the Contemplative
  4005 | D:4      | Found a radiant altar of Vehumet.
  4342 | D:4      | HP: 1/46 [orc warrior/+0 halberd (11)]
  4343 | D:4      | Mangled by an orc warrior

Illustrated notes

Levels and vault maps discovered:
D:1:      dpeg_arrival_three_smaller_balls, layout_loops_ring,
          minmay_tetromino_o4
D:2:      minmay_diamond_boxcup, layout_rooms, serial_bayou_lagoon_a
D:3:      layout_basic, ebering_ghost_sewer_d,
          hellmonk_ecumenical_altar_defaced_shrine, goddamned_bats
D:4:      layout_cave_pools, mainiacjoe_overflow_boulevard,
          minmay_temple_entry_glassed_door, serial_shops, kennysheep_little_box,
          serial_column_ruins, column_ruins_hut, column_ruins_temple_hut,
          column_ruins_columns_dead_end, column_ruins_grid_1,
          column_ruins_grid_3, column_ruins_open_small,
          column_ruins_columns_straight, column_ruins_columns_straight,
          guppyfry_early_orc_mine
Temple:   nicolae_temple_godpark

Skill      XL: |  1  2  3  4  5  6 |
---------------+-------------------+-----
Spellcasting   | 3 4 |  4.7
Fighting       | 2 3 |  3.2
Dodging        | 3 |  3.7
Transmutations | 3 |  3.7
Unarmed Combat | |  3.0

Action                   |  1- 3 |  4- 6 |  7- 9 || total
-------------------------+-------+-------+-------++-------
Melee: Unarmed           |    48 |       |    15 ||    63
       Constrict         |    12 |    15 |     9 ||    36
       Tentacles         |    12 |     9 |     7 ||    28
       Kick              |     8 |     7 |     9 ||    24
       Punch             |     2 |     2 |     2 ||     6
       Quarterstaff      |    12 |    81 |     1 ||    94
       Flail             |       |       |    17 ||    17
 Cast: Beastly Appendage |     4 |     5 |     4 ||    13
       Wereblood         |     1 |     4 |     3 ||     8
 Stab: Sleeping          |     8 |     8 |     2 ||    18
Armor: Skin              |     4 |    13 |     3 ||    20
Dodge: Dodged            |    36 |   108 |    24 ||   168
